 Dungeon Crawl Stone Soup version 0.16.0-17-g811c1d7 (webtiles) character file.

3134 xsansara the Spear-Bearer (level 9, -15/73 HPs)
             Began as a Minotaur Berserker on Mar 20, 2015.
             Was a High Priest of Trog.
             Demolished by a red ugly thing (16 damage)
             ... on level 7 of the Dungeon.
             The game lasted 00:21:04 (6703 turns).

xsansara the Spear-Bearer (Minotaur Berserker)      Turns: 6703, Time: 00:21:04

Health: -15/73     AC:  7    Str: 26    XL:     9   Next: 61%
Magic:  4/4        EV: 10    Int:  7    God:    Trog [*****.]
Gold:   361        SH: 10    Dex:  9    Spells: 0 memorised, 8 levels left

rFire  . . .     SeeInvis .     x - +4 trident (vamp)
rCold  . . .     Clarity  +     i - +2 leather armour {rN+}
rNeg   + . .     SustAb   .     D - +1 shield
rPois  +         Gourm    .     (helmet restricted)
rElec  .         Spirit   .     A - +0 cloak
rCorr  .         Warding  .     v - +0 pair of gloves
rMut   .         Stasis   .     (no boots)
MR     .....                    (no amulet)
Stlth  +.........               G - ring of poison resistance (curse)
                                t - +3 ring of strength

@: not resistant to hostile enchantments, very unstealthy
A: retaliatory headbutt, horns 2, clarity
a: Burn Spellbooks, Berserk, Trog's Hand, Brothers in Arms, Renounce Religion


You were on level 7 of the Dungeon.
You worshipped Trog.
Trog was extremely pleased with you.
You were not hungry.

You visited 1 branch of the dungeon, and saw 9 of its levels.

You collected 361 gold pieces.

Inventory:

Hand weapons
 x - a +4 vampiric trident (weapon)
 z - the +0 broad axe of Fundamental Breach {chop, rF+ Int+7 Dex-5}
   (You found it on level 6 of the Dungeon)

   It inflicts extra damage upon your enemies.
   It affects your intelligence (+7).
   It affects your dexterity (-5).
   It protects you from fire.
 J - a +2 spear of chaos
 K - a +1 antimagic executioner's axe
Missiles
 h - 15 bolts of flame
 k - 15 poisoned needles
 L - 8 tomahawks of returning (quivered)
Armour
 i - a +2 leather armour of positive energy (worn)
 v - a +0 pair of gloves (worn)
 A - a +0 cloak (worn)
 D - a +1 shield (worn)
 M - a +1 robe of resistance
Jewellery
 r - an uncursed ring of fire
 t - a +3 ring of strength (left hand)
 E - a +4 ring of intelligence
 G - a cursed ring of poison resistance (right hand)
Magical devices
 F - a wand of fire (4)
Scrolls
 d - a scroll of blinking
 g - 7 scrolls of teleportation
 w - 6 scrolls of remove curse
 C - 3 scrolls of identify
 I - a scroll of random uselessness {unknown}
Potions
 a - 4 potions of agility
 b - a potion of cancellation {unknown}
 e - 3 potions of brilliance {unknown}
 f - a potion of resistance
 j - a potion of restore abilities {unknown}
 l - 2 potions of mutation {unknown}
 m - 7 potions of curing
 o - 2 potions of poison
 p - 2 potions of heal wounds
 s - 2 potions of lignification
 u - 3 potions of haste
 B - 2 potions of cure mutation {unknown}
 H - a potion of might {unknown}
Comestibles
 c - 2 bread rations
 n - 13 fruits
 q - 4 meat rations
 N - a chunk of flesh


   Skills:
 + Level 4.9 Fighting
 - Level 5.2(10.4) Axes
 + Level 13.5(13.9) Polearms
 + Level 3.9 Armour
 + Level 3.7 Dodging
 + Level 2.9 Shields


You had 8 spell levels left.
You didn't know any spells.

Dungeon Overview and Level Annotations

Branches:
Dungeon (9/15)             Temple (0/1) D:6
   Lair: D:8-11         Orc: D:9-12

Altars:
Ru
Xom

Shops:
D:7 }


Innate Abilities, Weirdness & Mutations

You reflexively headbutt those who attack you in melee.
You have a pair of horns on your head.
You possess an exceptional clarity of mind.


Message History

You kill the goblin!
Trog accepts your kill.
Things that are here:
a club; a goblin corpse You closely miss the red ugly thing.
Your headbutt misses the red ugly thing.
The red ugly thing tail-slaps you!
You are engulfed in flames!!
You barely miss the red ugly thing.
Your shield prevents you from hitting the red ugly thing.
Your headbutt misses the red ugly thing.
The red ugly thing tail-slaps you!
You are engulfed in flames!!
* * * LOW HITPOINT WARNING * * *
You are too injured to fight recklessly!
You are too injured to fight recklessly!
Use which ability? (? or * to list)
Your two-headed ogre goes berserk!
You feel somewhat more hungry. The red ugly thing tail-slaps you.
* * * LOW HITPOINT WARNING * * *
You are engulfed in flames!
You die...

...>...# .....##
# ##....## #..
#..>...# ....
#..###..## #...
# #...####..#
#.....#...# .
##.........#....
#.....)@....#
#....$Ou...##
#..........##
#...........#
...........#
..?........
...........
...........
.........


You could see a red ugly thing and a friendly two-headed ogre (berserk).

Vanquished Creatures
  A troll (D:5)
  A wyvern (D:5)
  Eustachio (D:4)
  Menkaure (D:6)
  An ice beast (D:5)
  An orc warrior (D:6)
  2 sky beasts (D:6)
  2 ogres
  A phantom (D:5)
  3 centaurs
  Duvessa (D:6)
  A gnoll sergeant (D:3)
  3 giant frogs
  Blork the orc (D:6)
  4 wights (D:6)
  A crimson imp (D:5)
  Dowan (D:6)
  An iguana (D:4)
  A jelly (D:6)
  2 hounds (D:6)
  A giant frog skeleton (D:4)
  A gnoll shaman (D:3)
  3 orc wizards
  4 worker ants
  Jessica (D:2)
  32 gnolls
  8 adders
  A giant mite (D:2)
  3 worms
  An adder zombie (D:6)
  2 adder skeletons
  3 giant geckos
  An ooze (D:5)
  21 orcs
  11 bats
  A bat skeleton (D:6)
  11 goblins
  15 hobgoblins
  21 jackals
  4 quokkas
  2 ball pythons
  2 giant cockroaches (D:2)
  2 giant newts
  13 kobolds
  13 rats
207 creatures vanquished.

Vanquished Creatures (collateral kills)
  An orc warrior (D:6)
  A wight (D:6)
  An orc wizard (D:6)
  A quokka (D:3)
4 creatures vanquished.

Vanquished Creatures (others)
  A gnoll zombie (D:3)
1 creature vanquished.

Grand Total: 212 creatures vanquished

Notes
Turn   | Place    | Note
--------------------------------------------------------------
     0 | D:1      | xsansara, the Minotaur Berserker, began the quest for the Orb.
     0 | D:1      | Reached XP level 1. HP: 19/19 MP: 1/1
   156 | D:1      | Reached skill level 4 in Axes
   182 | D:1      | Reached XP level 2. HP: 24/27 MP: 1/1
   334 | D:1      | Acquired Trog's second power
   935 | D:2      | Reached skill level 5 in Axes
   935 | D:2      | Reached XP level 3. HP: 33/33 MP: 2/2
  1006 | D:2      | Found a shimmering altar of Xom.
  1101 | D:2      | Reached skill level 1 in Polearms
  1346 | D:2      | Reached XP level 4. HP: 40/40 MP: 2/2
  1401 | D:2      | Noticed Jessica
  1405 | D:2      | Killed Jessica
  1797 | D:3      | Reached XP level 5. HP: 43/46 MP: 2/2
  2261 | D:3      | Acquired Trog's third power
  2372 | D:3      | Reached skill level 5 in Polearms
  2485 | D:3      | Reached XP level 6. HP: 30/52 MP: 3/3
  2499 | D:3      | Reached skill level 6 in Polearms
  2761 | D:3      | Reached skill level 7 in Polearms
  2844 | D:3      | Reached XP level 7. HP: 56/58 MP: 3/3
  2977 | D:3      | Reached skill level 8 in Polearms
  3267 | D:4      | Found a shimmering altar of Xom.
  3601 | D:4      | Found a sacrificial altar of Ru.
  3805 | D:4      | Noticed Eustachio
  3816 | D:4      | Killed Eustachio
  3816 | D:4      | Reached skill level 9 in Polearms
  4037 | D:5      | Entered Level 5 of the Dungeon
  4078 | D:5      | Reached skill level 10 in Polearms
  4187 | D:5      | Reached XP level 8. HP: 63/66 MP: 3/3
  4301 | D:5      | Noticed a troll
  4308 | D:5      | Killed a troll
  4308 | D:5      | Reached skill level 11 in Polearms
  4412 | D:5      | Noticed a wyvern
  4423 | D:5      | Killed a wyvern
  4851 | D:5      | Reached skill level 12 in Polearms
  5325 | D:6      | Got a transparent broad axe
  5326 | D:6      | Identified the +0 broad axe of Fundamental Breach {chop, rF+ Int+7 Dex-5} (You found it on level 6 of the Dungeon)
  5414 | D:6      | Noticed Menkaure
  5417 | D:6      | Reached skill level 13 in Polearms
  5417 | D:6      | Reached XP level 9. HP: 71/71 MP: 4/4
  5430 | D:6      | Killed Menkaure
  5601 | D:6      | Gained mutation: You possess an exceptional clarity of mind. [mutagenic meat]
  5716 | D:6      | Reached skill level 1 in Shields
  5724 | D:6      | Noticed Dowan
  5728 | D:6      | Noticed Duvessa
  5731 | D:6      | Killed Duvessa
  5733 | D:6      | Killed Dowan
  5920 | D:6      | Found a staircase to the Ecumenical Temple.
  6187 | D:6      | Received a gift from Trog
  6334 | D:6      | Noticed Blork the orc
  6343 | D:6      | Killed Blork the orc
  6456 | D:7      | Found Optinian's Gadget Emporium.
  6557 | D:7      | You fall through a shaft for 2 floors!
  6696 | D:7      | Noticed a red ugly thing
  6703 | D:7      | HP: 1/73 [red ugly thing (3)]
  6703 | D:7      | Demolished by a red ugly thing

Action                   |  1- 3 |  4- 6 |  7- 9 || total
-------------------------+-------+-------+-------++-------
Melee: Hand axe          |    50 |       |       ||    50
       Spear             |    20 |   209 |   262 ||   491
       Trident           |       |       |    70 ||    70
Invok: Trog's Hand       |       |     1 |     1 ||     2
       Berserk           |       |     1 |       ||     1
       Brothers in Arms  |       |       |     3 ||     3
  Use: Scroll            |       |       |    14 ||    14
 Stab: Confused          |       |     2 |       ||     2
       Paralysed         |       |     1 |     3 ||     4
  Eat: Chunk             |     1 |     3 |    10 ||    14
       Bread ration      |       |     1 |     1 ||     2
       Pizza             |       |       |     1 ||     1
       Beef jerky        |       |       |     1 ||     1
